 Dungeon Crawl Stone Soup version 0.23.2-33-g5129a83184 (webtiles) character file.

Game seed: 1131017813174314177

2046 psyvane the Thrower (level 9, -3/89 HPs)
             Began as an Ogre Arcane Marksman on July 14, 2019.
             Was a Follower of Makhleb.
             Slain by a hornet (15 damage)
             ... on level 7 of the Dungeon.
             The game lasted 00:44:06 (9559 turns).

psyvane the Thrower (Ogre Arcane Marksman)          Turns: 9559, Time: 00:44:07

Health: -3/89      AC:  6    Str: 23    XL:     9   Next: 24%
Magic:  9/13       EV: 10    Int: 14    God:    Makhleb [*.....]
Gold:   458        SH:  0    Dex: 10    Spells: 3/13 levels left

rFire    . . .     SeeInvis .   H - +2 war axe (venom)
rCold    . . .     Gourm    .   (no shield)
rNeg     + . .     Faith    .   a - +0 robe
rPois    .         Spirit   .   (helmet restricted)
rElec    .         Reflect  .   z - +2 cloak
rCorr    .         Harm     .   (gloves unavailable)
MR       .....                  (boots unavailable)
Stlth    +.........             (no amulet)
HPRegen  0.24/turn              C - ring of positive energy
MPRegen  0.13/turn              (no ring)

@: mighty, slowed, very slow
A: large, unfitting armour, tough skin 1
a: Renounce Religion


You were on level 7 of the Dungeon.
You worshipped Makhleb.
Makhleb was aware of your devotion.
You were near starving.

You visited 2 branches of the dungeon, and saw 8 of its levels.

You collected 458 gold pieces.

Inventory:

Hand Weapons
 d - a +1 short sword of holy wrath
 e - a +0 dagger
 y - a +0 broad axe
 B - a +1 dagger of electrocution
 H - a +2 war axe of venom (weapon)
Missiles
 i - 22 tomahawks
 j - a silver javelin (quivered)
Armour
 a - a +0 robe (worn)
 b - a scarf of resistance
 z - a +2 cloak (worn)
Jewellery
 C - a ring of positive energy (left hand)
Wands
 t - a wand of random effects (19)
 v - a wand of digging (7)
 F - a wand of flame (19)
Scrolls
 c - 2 scrolls of identify
 h - a scroll of magic mapping
 o - 2 scrolls of remove curse
 u - 2 scrolls of teleportation
 w - a scroll of immolation
 A - 2 scrolls of enchant armour
 E - a scroll of enchant weapon {unknown}
Potions
 g - a potion of magic
 k - a potion of brilliance
 l - 2 potions of flight
 m - a potion of curing
 p - a potion of ambrosia
 q - a potion of degeneration {unknown}
 r - a potion of invisibility {unknown}
 s - a potion of cancellation {unknown}
 x - a potion of lignification {unknown}
 D - a potion of might
 G - a potion of haste {unknown}
Comestibles
 f - 15 rations


   Skills:
 * Level 5.8 Fighting
 - Level 0.5 Short Blades
 - Level 8.9 Throwing
 - Level 1.7 Dodging
 - Level 2.9 Spellcasting
 - Level 6.3 Hexes


You had 3 spell levels left.
You knew the following spells:

 Your Spells              Type           Power        Failure   Level  Hunger
a - Corona                Hex            ###....      1%          1    #......
b - Slow                  Hex            ###.....     2%          2    ##.....
c - Portal Projectile     Hex/Tloc       ##....       17%         3    ###....
d - Cause Fear            Hex            ###.......   16%         4    #####..

Your spell library contained the following spells:

 Spells                   Type           Power        Failure   Level  Hunger
 Inner Flame              Hex/Fire       ##......     17%         3    ###....
 Leda's Liquefaction      Hex/Erth       ##........   50%         4    #####..


Dungeon Overview and Level Annotations

Branches:
Dungeon (7/15)             Temple (1/1) D:4

Altars:
Cheibriados
Dithmenos
Gozag
Hepliaklqana
Kikubaaqudgha
Makhleb
Nemelex Xobeh
Ru
Trog
Uskayaw
Vehumet
Xom
Yredelemnul
The Shining One


Innate Abilities, Weirdness & Mutations

You are too large for most types of armour.
You have tough skin. (AC +1)


Message History

The hornet misses you.
You feel better. The hornet closely misses you. The hornet stings you.
* * * LOW HITPOINT WARNING * * *
You feel as though you will be slow longer.
Quiver which item? (- for none, * to show all) (? for menu, Esc to quit)
Quivering
j - 2 silver javelins for throwing.
Throwing (i - inventory. (/) - cycle)
j - 2 silver javelins (quivered)
Press: ? - help, Shift-Dir - straight line, f/p - hornet
Aim: a hornet (softly glowing)
You throw a silver javelin.
The silver javelin completely misses the hornet.
The hornet stings you.
* * * LOW HITPOINT WARNING * * *
You feel as though you will be slow longer.
The hornet stings you!
* * * LOW HITPOINT WARNING * * *
You feel as though you will be slow longer.
You feel very mighty all of a sudden.
The hornet stops glowing.
The hornet stings you!
You die...

#......##......
#.##...#.......
#.#....#......[
########.#....#.......
#...........)[.....#.#
#.......##..[......#..
#.......'.......(..#<.
#.).....###...#######.
#....@..# ##### #..
####y#### #.# ⌠⌠.
######## #.. #⌠⌠⌠.
#......# #.. #(⌠⌠.
#......# #.. #⌠⌠⌠_
#......# #.. #⌠⌠⌠⌠
#......# #.. #⌠⌠⌠⌠
#......#####..
##.....()(....(


You could see a hornet.

Vanquished Creatures
  Menkaure (D:7)
  A water moccasin (D:6)
  A sky beast (D:6)
  4 ogres
  2 phantoms
  2 centaurs
  A big kobold (D:7)
  A wyvern zombie (D:6)
  2 scorpions
  2 howler monkeys
  2 crimson imps
  3 hounds
  A centaur skeleton (D:7)
  An orc priest (D:6)
  An iguana (D:4)
  6 worker ants
  4 orc wizards
  5 hound skeletons
  A worker ant zombie (D:6)
  7 adders
  An ooze (D:3)
  An adder skeleton (D:5)
  3 worms
  6 dart slugs
  4 leopard geckos
  19 orcs
  8 bats
  13 giant cockroaches
  11 goblins
  4 hobgoblins
  15 kobolds
  3 quokkas
  3 frilled lizards
  A giant cockroach zombie (D:6)
  A jackal skeleton (D:4)
  A leopard gecko skeleton (D:4)
  A quokka skeleton (D:4)
  7 rats
150 creatures vanquished.

Notes
Turn   | Place    | Note
-------+----------+-------------------------------------------
     0 | D:1      | psyvane the Ogre Arcane Marksman began the quest for the
                  | Orb.
     0 | D:1      | Reached XP level 1. HP: 19/19 MP: 2/2
   205 | D:1      | Reached XP level 2. HP: 27/27 MP: 1/3
   209 | D:1      | Learned a level 2 spell: Slow
  1058 | D:1      | Reached skill level 3 in Throwing
  1414 | D:2      | Reached XP level 3. HP: 33/33 MP: 2/4
  1739 | D:2      | Reached skill level 4 in Throwing
  1739 | D:2      | Reached XP level 4. HP: 38/41 MP: 2/5
  3039 | D:3      | Reached XP level 5. HP: 15/48 MP: 4/6
  3178 | D:3      | Reached skill level 5 in Throwing
  3277 | D:3      | Found an opulent altar of Gozag.
  4018 | D:4      | Learned a level 3 spell: Portal Projectile
  4659 | D:4      | Found a snail-covered altar of Cheibriados.
  4671 | D:4      | Reached XP level 6. HP: 57/62 MP: 3/7
  4820 | D:4      | Found a staircase to the Ecumenical Temple.
  4982 | Temple   | Entered the Ecumenical Temple
  5060 | Temple   | Became a worshipper of Makhleb the Destroyer
  5154 | D:5      | Entered Level 5 of the Dungeon
  5656 | D:5      | Noticed a phantom
  5686 | D:5      | Killed a phantom
  5686 | D:5      | Reached XP level 7. HP: 39/68 MP: 1/8
  5882 | D:5      | Reached skill level 5 in Hexes
  6829 | D:6      | Reached * piety under Makhleb
  6872 | D:6      | Reached XP level 8. HP: 51/78 MP: 6/12
  6878 | D:6      | Learned a level 4 spell: Cause Fear
  7033 | D:6      | Reached skill level 6 in Throwing
  7477 | D:6      | Reached skill level 7 in Throwing
  7976 | D:7      | Found a hide-covered altar of Uskayaw.
  8073 | D:7      | Reached skill level 8 in Throwing
  8321 | D:6      | Reached XP level 9. HP: 10/84 MP: 10/13
  9080 | D:7      | Noticed Menkaure
  9087 | D:7      | Killed Menkaure
  9087 | D:7      | Reached skill level 5 in Fighting
  9551 | D:7      | Found a sacrificial altar of Ru.
  9551 | D:7      | Noticed a hornet
  9554 | D:7      | Paralysed by a hornet for 1 turns
  9559 | D:7      | Slain by a hornet

Skill      XL: |  1  2  3  4  5  6  7  8  9 |
---------------+----------------------------+-----
Throwing       | 3 4 5 8 |  8.9
Fighting       | 3 5 |  5.8
Hexes          | 4 6 |  6.3
Spellcasting   | 2 |  2.9
Short Blades   | |  0.5
Dodging        | |  1.7

Action                   |  1- 3 |  4- 6 |  7- 9 || total
-------------------------+-------+-------+-------++-------
Melee: Dagger            |    98 |   191 |   193 ||   482
       Unarmed           |    11 |       |       ||    11
       Broad axe         |       |    58 |       ||    58
       War axe           |       |       |     3 ||     3
Throw: Javelin           |    14 |    17 |    19 ||    50
       Large rock        |       |    16 |     9 ||    25
       Tomahawk          |       |    14 |    48 ||    62
       Throwing net      |       |     1 |     2 ||     3
 Cast: Corona            |    35 |    89 |    85 ||   209
       Slow              |       |     7 |    23 ||    30
       Portal Projectile |       |       |     1 ||     1
  Use: Scroll            |     3 |    10 |     3 ||    16
       Potion            |       |     2 |     6 ||     8
  Eat: Chunk             |     4 |    16 |    14 ||    34
Armor: Robe              |    35 |    68 |    74 ||   177
Dodge: Dodged            |    74 |   186 |   133 ||   393
